 Dungeon Crawl Stone Soup version 0.30-a0-996-ga6910c8ee8 (webtiles) character file.

Game seed: 18111924689724387879

450 DiggyJ the Ruffian (level 6, 0/61 HPs)
             Began as a Troll Berserker on Apr 4, 2023.
             Was a Believer of Trog.
             Slain by an orc wizard
             ... wielding a +0 dagger of protection
              (2 damage)
             ... on level 5 of the Dungeon.
             The game lasted 00:07:51 (3880 turns).

DiggyJ the Ruffian (Troll Berserker)                Turns: 3880, Time: 00:07:51

Health: 0/61       AC:  4    Str: 28    XL:     6   Next: 74%
Magic:  5/5        EV: 10    Int:  3    God:    Trog [**....]
Gold:   969        SH:  0    Dex:  9    Spells: 5/5 levels left

rFire   . . .      SeeInvis .      - Unarmed
rCold   + . .      Faith    .    (no shield)
rNeg    . . .      Spirit   .    a - +0 animal skin
rPois   +          Reflect  .    h - +0 hat
rElec   .          Rampage  .    (no cloak)
rCorr   .                        (gloves unavailable)
Will    .....                    (boots unavailable) Stlth
                                 (no amulet)
HPRegen 1.10/turn                b - ring of poison resistance
MPRegen 0.09/turn                j - ring of protection from cold

@: silenced
A: large, unfitting armour, claws 3, regeneration 1, shaggy fur 1, tough skin 1
a: Renounce Religion


You were on level 5 of the Dungeon.
You worshipped Trog.
Trog was pleased with you.
You visited 1 branch of the dungeon, and saw 5 of its levels.

You collected 992 gold pieces.
You spent 23 gold pieces at shops.

Inventory:

Armour
 a - a +0 animal skin (worn)
 h - a +0 hat (worn)
Jewellery
 b - a ring of poison resistance (left claw)
 j - a ring of protection from cold (right claw)
Wands
 t - a wand of mindburst (5)
Scrolls
 c - 2 scrolls of blinking {unknown}
 d - 4 scrolls of identify {unknown}
 f - 4 scrolls of teleportation
 g - a scroll of torment {unknown}
 m - a scroll of fog {unknown}
 p - a scroll of immolation {unknown}
 q - a scroll of amnesia {unknown}
 r - 3 scrolls of magic mapping
Potions
 e - 3 potions of curing {unknown}
 i - a potion of resistance {unknown}
 l - 2 potions of haste {unknown}
 n - a potion of berserk rage {unknown}
 o - a potion of lignification {unknown}
 s - a potion of ambrosia {unknown}


   Skills:
 + Level 3.2 Fighting
 + Level 4.0 Dodging
 + Level 0.9 Stealth
 + Level 5.8 Unarmed Combat


You had 5 spell levels left.
You didn't know any spells.
Your spell library was empty.

Dungeon Overview and Level Annotations

Branches:
Dungeon (5/15)             Temple (0/1) D:5

Altars:
Okawaru
Xom
Zin

Shops:
D:1 [   D:2 *


Innate Abilities, Weirdness & Mutations

You are too large for most types of armour.
You have claws for hands.
Your natural rate of healing is unusually fast.
You are covered in fur. (AC +1)
You have tough skin. (AC +1)


Message History

You closely miss something. Something hits you.
The orc wizard gestures at you while chanting.
The magic dart hits you.
* * * LOW HITPOINT WARNING * * *
You barely miss something.
The orc wizard hits you with a +0 dagger.
* * * LOW HITPOINT WARNING * * *
Something hits you but does no damage.
You feel less confused.
Read: scroll of silence
Press: ? - help, Q - select action, (/) - cycle Dir - look around, f - activate
As you read the scroll of silence, it crumbles to dust.
A profound silence engulfs you. The orc wizard barely misses you.
Something hits you but does no damage.
You barely miss the orc wizard.
The orc wizard is severely wounded.
The orc wizard hits you with a +0 dagger.
* * * LOW HITPOINT WARNING * * *
Something hits you.
* * * LOW HITPOINT WARNING * * *
You closely miss the orc wizard.
The orc wizard is severely wounded.
You completely miss the orc wizard.
The orc wizard is severely wounded.
Something hits you.
* * * LOW HITPOINT WARNING * * *
The orc wizard hits you with a +0 dagger.
* * * LOW HITPOINT WARNING * * *
Okay, then.
You claw the orc wizard!
You kill the orc wizard!
Trog accepts your kill.
Trog appreciates your killing of a magic user.
Something hits you.
* * * LOW HITPOINT WARNING * * *
Your Dodging skill increases to level 4!
You closely miss the iguana. The iguana bites you!
* * * LOW HITPOINT WARNING * * *
Something hits you.
You die...

.+ ........#......8.8.8.... .#
#......#.......⌠.⌠..#.. .#
.##......#......8.>.8.#.. .+
.........#.......⌠.⌠..... .#
......(..#......8.8.8.... .#
#......#............... .#
##+##).#............... .#
#..##.l#............... .#
#...#.@#....>.......... .
#...#..#............... .###'##
#..##..#...............
......#####..##..#...............
......#...#......#...<...........
......#...#......#...............
<.....#..##..##..#...............
.....##..##..##..#...............
.....#........#..#...............


You could see an iguana.

Vanquished Creatures
  Eustachio (D:5)
  An ogre (D:4)
  Jessica (D:3)
  An iguana (D:5)
  An orc wizard (D:5)
  7 adders
  An ufetubus (D:5)
  A worm (D:2)
  2 dart slugs
  4 orcs
  4 endoplasms
  3 giant cockroaches
  A goblin (D:3)
  9 hobgoblins
  4 jackals (D:3)
  5 kobolds
  6 quokkas
  10 ball pythons
  5 bats
  2 frilled lizards
  5 rats
74 creatures vanquished.

Vanquished Creatures (others)
  2 plants (D:2)
  6 withered plants (D:2)
8 creatures vanquished.

Grand Total: 82 creatures vanquished

Notes
Turn   | Place    | Note
-------+----------+-------------------------------------------
     0 | D:1      | DiggyJ the Troll Berserker began the quest for the Orb.
     0 | D:1      | Reached XP level 1. HP: 22/22 MP: 0/0
   189 | D:1      | Reached XP level 2. HP: 29/29 MP: 1/1
   268 | D:1      | Found Covif's Armour Emporium.
   646 | D:2      | Reached XP level 3. HP: 14/36 MP: 2/2
   680 | D:2      | Found a faded altar of an unknown god.
   962 | D:2      | Found Jiheodwoz's Assorted Antiques.
   974 | D:2      | Bought a fuming white potion for 23 gold pieces
   975 | D:2      | Identified a scroll of acquirement
   975 | D:2      | Acquired 705 gold pieces
  1226 | D:3      | Noticed Jessica
  1244 | D:3      | Killed Jessica
  1245 | D:3      | Reached XP level 4. HP: 24/44 MP: 3/3
  1313 | D:3      | Reached ** piety under Trog
  1372 | D:3      | Reached skill level 4 in Unarmed Combat
  1392 | D:3      | Found a glowing silver altar of Zin.
  2338 | D:4      | Reached XP level 5. HP: 52/53 MP: 4/4
  2438 | D:4      | Found an iron altar of Okawaru.
  2580 | D:4      | Noticed an ogre
  2590 | D:4      | Killed an ogre
  2591 | D:4      | Reached skill level 5 in Unarmed Combat
  3269 | D:5      | Entered Level 5 of the Dungeon
  3346 | D:5      | Noticed Eustachio
  3372 | D:5      | Killed Eustachio
  3373 | D:5      | Reached XP level 6. HP: 14/61 MP: 5/5
  3634 | D:5      | Found a shimmering altar of Xom.
  3680 | D:5      | Found a staircase to the Ecumenical Temple.
  3880 | D:5      | HP: 2/61 [iguana (13)]
  3880 | D:5      | Slain by an orc wizard

Illustrated notes

Levels and vault maps discovered:
D:1:      sevenhm_arrival_forest_fort_large_4, layout_rooms, serial_shops,
          nicolae_shop_stone
D:2:      layout_basic, serial_shops, shop,
          shapermc_ecumenical_altar_flowoftime, chequers_serial_rivers_micro_c
D:3:      minmay_razor_zed, layout_loops_corners,
          nicolae_overflow_crystal_walls, uniq_jessica
D:4:      layout_loops_corners, lemuel_doored_altar, abandoned_shop,
          due_unseen_surprise
D:5:      layout_gridville, kennysheep_little_box,
          minmay_temple_entry_statues_fountains, uniq_eustachio

Skill      XL: |  1  2  3  4  5  6 |
---------------+-------------------+-----
Dodging        | 3 4 |  4.0
Unarmed Combat | 4 5 |  5.8
Fighting       | 3 |  3.2
Stealth        | |  0.9

Action                     |  1- 3 |  4- 6 || total
---------------------------+-------+-------++-------
  Melee: Unarmed           |   113 |   161 ||   274
         Punch             |     2 |     5 ||     7
 Invoke: Berserk           |       |     1 ||     1
    Use: Scroll            |     2 |     3 ||     5
   Stab: Sleeping          |     1 |       ||     1
 Armour: Animal skin       |    27 |    47 ||    74
  Dodge: Dodged            |    50 |    95 ||   145

Table legend: (Time is in decaauts)
 A = Elapsed time spent in this place.
 B = Non-inter-level travel time spent in this place.
 C = Inter-level travel time spent in this place.
 D = Time resting spent in this place.
 E = Time spent auto-exploring this place.
 F = Levels seen in this place.
 G = Mean time per level.
                   A        B        C        D        E       F      G
               +--------+--------+--------+--------+--------+-----+--------+
         Total |   3874 |   3849 |     25 |    304 |   2534 |   5 |  774.8 |
       Dungeon |   3874 |   3849 |     25 |    304 |   2534 |   5 |  774.8 |
               +--------+--------+--------+--------+--------+-----+--------+

Top non-repeatable levels by time:
     D:3: 1132 daAuts
     D:4: 952 daAuts
     D:5: 606 daAuts
     D:2: 599 daAuts
     D:1: 585 daAuts
